 Dungeon Crawl Stone Soup version 0.19-b1-5-gdc9fa9d (webtiles) character file.

231 Gorglomux the Gusty (level 6, -1/28 HPs)
             Began as a Tengu Air Elementalist on Oct 31, 2016.
             Was an Initiate of Hepliaklqana.
             Slain by appiemonkey's ghost (15 damage)
             ... on level 4 of the Dungeon.
             The game lasted 00:15:10 (3476 turns).

Gorglomux the Gusty (Tengu Air Elementalist)        Turns: 3476, Time: 00:15:10

Health: -1/28      AC:  3    Str:  8    XL:     6   Next: 3%
Magic:  1/10       EV: 17    Int: 17    God:    Hepliaklqana [......]
Gold:   219        SH:  0    Dex: 15    Spells: 3 memorised, 1 level left

rFire  . . .     SeeInvis .     e - +0 dagger
rCold  . . .     Gourm    .     a - +0 robe
rNeg   . . .     Faith    .     (no shield)
rPois  .         Spirit   .     (helmet restricted)
rElec  .         Reflect  .     (no cloak)
rCorr  .         Harm     +     t - +0 pair of gloves
MR     .....                    (boots unavailable)
Stlth  ++........               o - amulet of harm
                                (no ring)
                                h - +4 ring of evasion

@: no status effects
A: reduced essence, beak, talons 3, able to fly 1
a: Fly, Recall Ancestor, Ancestor Identity, Renounce Religion


You were on level 4 of the Dungeon.
You worshipped Hepliaklqana.
Hepliaklqana was noncommittal.
You were hungry.

You visited 1 branch of the dungeon, and saw 4 of its levels.

You collected 219 gold pieces.

Inventory:

Hand Weapons
 e - a +0 dagger (weapon)
Armour
 a - a +0 robe (worn)
 t - a +0 pair of gloves (worn)
Jewellery
 h - a +4 ring of evasion (left hand)
 o - an amulet of harm (around neck)
Scrolls
 d - a scroll of remove curse {unknown}
 f - 3 scrolls of enchant weapon {unknown}
 j - 2 scrolls of identify {unknown}
 q - a scroll of enchant armour {unknown}
 w - a scroll of magic mapping {unknown}
Potions
 g - a potion of berserk rage {unknown}
 i - a potion of agility {unknown}
 k - a potion of magic {unknown}
 l - 2 potions of flight {unknown}
 n - a potion of mutation {unknown}
 p - a potion of brilliance {unknown}
 r - a potion of resistance {unknown}
 s - a potion of invisibility {unknown}
 u - 2 potions of curing {unknown}
 x - a potion of cancellation {unknown}
Books
 b - a book of Air

   Spells                             Type                      Level
   a - Shock                          Conjuration/Air              1
   b - Swiftness                      Charms/Air                   2
   c - Repel Missiles                 Charms/Air                   2
   d - Static Discharge               Conjuration/Air              3
   e - Lightning Bolt                 Conjuration/Air              5
Comestibles
 c - 5 bread rations
 m - a slice of pizza
 v - a meat ration


   Skills:
 - Level 2.1 Dodging
 - Level 2.0 Stealth
 - Level 2.5 Spellcasting
 + Level 5.3 Conjurations
 + Level 6.3 Air Magic


You had one spell level left.
You knew the following spells:

 Your Spells              Type           Power        Failure   Level  Hunger
a - Shock                 Conj/Air       ###.         1%          1    #......
b - Static Discharge      Conj/Air       ###.....     8%          3    ###....
c - Lightning Bolt        Conj/Air       ###.......   58%         5    ######.


Dungeon Overview and Level Annotations

Branches:
Dungeon (4/15)             Temple (0/1) D:4

Altars:
Hepliaklqana
Ru
Sif Muna

Annotations:
D:4 appiemonkey's ghost, novice MiFi


Innate Abilities, Weirdness & Mutations

You have a beak for a mouth.
You have claws for feet.
You can fly.
Your life essence is reduced. (-10% HP)


Message History

Appiemonkey's ghost is moderately damaged.
Appiemonkey's ghost barely misses you.
Roger hits appiemonkey's ghost.
Press: ? - help, v - describe, . - travel The floor.
You hit appiemonkey's ghost but do no damage.
You claw appiemonkey's ghost.
You peck appiemonkey's ghost, but do no damage.
Appiemonkey's ghost is moderately damaged.
Appiemonkey's ghost misses you.
Roger hits appiemonkey's ghost.
You hit appiemonkey's ghost but do no damage.
You claw appiemonkey's ghost, but do no damage.
Appiemonkey's ghost is heavily damaged.
Appiemonkey's ghost barely misses you.
Roger hits appiemonkey's ghost.
You hit appiemonkey's ghost but do no damage.
Appiemonkey's ghost is heavily damaged.
Appiemonkey's ghost hits you!
Roger barely misses appiemonkey's ghost.
Appiemonkey's ghost hits you!
Ouch! That really hurt!
You die...

.! ##.##........# .### ###
...########............##[# #.#
!.........#............##.# #..
.......................##.#####.#
!..............[....(.....>...†..
.##.......##..##.########.#####.#
#.......###.##R# #.#<..#.#
#...........##W#### #.###.#.#
#######......#@...# #.#>..#..
#....#.#....#####....)...
#....#.#.................
#....#......#########.###
#....##..#.......|# #.# #....
#..#........# #.# #####
#..#........# #.# ##>...(.....#
#.# ####.......# #.#


You could see the friendly Roger the ancestor and appiemonkey's ghost.

Vanquished Creatures
  A scorpion (D:4)
  An orc priest (D:3)
  3 adders
  An ooze (D:2)
  3 worms
  5 dart slugs
  2 leopard geckos
  5 orcs
  5 giant cockroaches
  4 goblins
  10 hobgoblins
  2 jackals (D:2)
  11 kobolds
  7 bats
  5 frilled lizards
  5 rats
70 creatures vanquished.

Vanquished Creatures (collateral kills)
  A bullfrog skeleton (D:4)
  An adder skeleton (D:4)
2 creatures vanquished.

Grand Total: 72 creatures vanquished

Notes
Turn   | Place    | Note
-------+----------+-------------------------------------------
     0 | D:1      | Gorglomux the Tengu Air Elementalist began the quest for the Orb.
     0 | D:1      | Reached XP level 1. HP: 10/10 MP: 4/4
   271 | D:1      | Reached XP level 2. HP: 15/15 MP: 0/6
  1109 | D:2      | Reached XP level 3. HP: 19/19 MP: 5/7
  1118 | D:2      | Learned a level 3 spell: Static Discharge
  2085 | D:2      | Reached XP level 4. HP: 24/24 MP: 5/8
  2600 | D:3      | Reached skill level 5 in Air Magic
  2739 | D:3      | Gained mutation: You can fly. [Tengu growth]
  2739 | D:3      | Reached XP level 5. HP: 28/28 MP: 3/9
  2828 | D:3      | Learned a level 5 spell: Lightning Bolt
  3097 | D:3      | Found a hazy altar of Hepliaklqana.
  3108 | D:3      | Became a worshipper of Hepliaklqana the Forgotten
  3318 | D:4      | Reached skill level 5 in Conjurations
  3318 | D:4      | Reached skill level 6 in Air Magic
  3367 | D:4      | Reached XP level 6. HP: 28/28 MP: 7/10
  3373 | D:4      | Found a staircase to the Ecumenical Temple.
  3430 | D:4      | Found a deep blue altar of Sif Muna.
  3430 | D:4      | Found a sacrificial altar of Ru.
  3447 | D:4      | Noticed appiemonkey's ghost (novice MiFi)
  3476 | D:4      | Slain by appiemonkey's ghost

Skill      XL: |  1  2  3  4  5 |
---------------+----------------+-----
Conjurations   | 2 3 4 5 |  5.3
Air Magic      | 5 6 |  6.3
Dodging        | |  2.1
Stealth        | |  2.0
Spellcasting   | |  2.5

Action                   |  1- 3 |  4- 6 || total
-------------------------+-------+-------++-------
Melee: Dagger            |    16 |    22 ||    38
       Peck              |     3 |     3 ||     6
       Kick              |     5 |     6 ||    11
 Cast: Shock             |    95 |    94 ||   189
       Static Discharge  |     4 |       ||     4
Invok: Ancestor Identity |       |     1 ||     1
  Eat: Chunk             |     5 |     5 ||    10
Armor: Robe              |     4 |     2 ||     6
Dodge: Dodged            |    18 |    33 ||    51
